 Dungeon Crawl Stone Soup version 0.24.0-1-gfbc8707122 (webtiles) character file.

Game seed: 14471955965268074059, levelgen mode: deterministic

54130 Aviak the Spear-Bearer (level 14, -2/88 HPs)
             Began as a Tengu Skald on Oct 28, 2019.
             Was an Elder of Yredelemnul.
             Slain by a dire elephant (31 damage)
             ... in a Gauntlet.
             The game lasted 01:05:32 (23816 turns).

Aviak the Spear-Bearer (Tengu Skald)               Turns: 23816, Time: 01:05:33

Health: -2/88      AC: 19    Str: 15    XL:     14   Next: 71%
Magic:  22/22      EV: 24    Int: 14    God:    Yredelemnul [****..]
Gold:   357        SH: 12    Dex: 18    Spells: 6/17 levels left

rFire    . . .     SeeInvis .   w - +1 trident (protect)
rCold    . . .     Gourm    .   N - +0 shield
rNeg     . . .     Faith    .   i - +0 steam dragon scales
rPois    +         Spirit   .   k - +1 hat
rElec    .         Reflect  .   Q - +1 cloak {MR+}
rCorr    .         Harm     .   B - +1 pair of gloves {Str+3}
MR       ++...     NoTele   +   (boots unavailable)
Stlth    ++........             v - amulet of rage
HPRegen  0.24/turn              e - ring of wizardry
MPRegen  0.18/turn              P - ring of poison resistance

@: protection aura, flying quickly and evasively, quick
A: beak, talons 3, able to fly
a: Stop Flying, Recall Undead Slaves, Injury Mirror, Animate Dead, Drain Life,
Renounce Religion, Evoke Berserk Rage


You were in a Gauntlet.
You worshipped Yredelemnul.
Yredelemnul was greatly pleased with you.
You were not hungry.

You visited 3 branches of the dungeon, and saw 20 of its levels.
You also visited: Gauntlet.

You collected 1942 gold pieces.
You spent 1585 gold pieces at shops.

Inventory:

Hand Weapons
 w - a +1 trident of protection (weapon)
 W - a +3 spear
Armour
 i - +0 steam dragon scales (worn)
 k - a +1 hat (worn)
 y - a scarf of cloud immunity
 B - a +1 pair of gloves of strength (worn)
 N - a +0 shield (worn)
 Q - a +1 cloak of magic resistance (worn)
Jewellery
 e - a ring of wizardry (left hand)
 q - the ring "Ucleeg" {*Slow +Fly rPois rN+ Int+3}
   (You found it in a Gauntlet)

   [ring of flight]

   It affects your intelligence (+3).
   It protects you from poison.
   It protects you from negative energy.
   It lets you fly.
   It may slow you when you take damage.
 v - an amulet of rage (around neck)
 A - an uncursed ring of protection from fire
 H - an uncursed ring of ice
 P - a ring of poison resistance (right hand)
 Z - an uncursed ring of see invisible
Wands
 a - a wand of acid (8)
 g - a wand of iceblast (1)
 p - a wand of flame (9)
 z - a wand of paralysis (9)
 I - a wand of polymorph (2)
 J - a wand of digging (5)
 T - a wand of scattershot (1)
Scrolls
 j - 3 scrolls of amnesia
 n - 3 scrolls of fear
 r - 4 scrolls of remove curse
 s - 4 scrolls of enchant armour {unknown}
 t - 6 scrolls of teleportation
 u - 3 scrolls of magic mapping
 x - 3 scrolls of blinking
 D - 2 scrolls of silence {!r}
 E - 3 scrolls of summoning {unknown}
 F - 4 scrolls of fog
 G - 2 scrolls of immolation
 M - a scroll of vulnerability {unknown}
 V - a scroll of torment {unknown}
 Y - 2 scrolls of enchant weapon {unknown}
Potions
 b - 3 potions of resistance
 c - 5 potions of curing
 f - 4 potions of haste
 h - 5 potions of heal wounds
 l - 3 potions of cancellation
 m - 3 potions of lignification {!q}
 o - a potion of mutation {!q}
 C - 4 potions of brilliance
 L - 3 potions of berserk rage
 O - 2 potions of invisibility
 R - a potion of might
 S - 4 potions of agility
 U - a potion of magic {unknown}
 X - a potion of ambrosia {unknown}
Comestibles
 d - 19 rations


   Skills:
 - Level 10.0 Fighting
 + Level 13.1 Polearms
 - Level 8.0 Armour
 + Level 11.7 Dodging
 + Level 9.7 Shields
 - Level 2.0 Spellcasting
 - Level 2.0 Hexes
 - Level 4.3 Charms
 - Level 4.1 Necromancy
 + Level 10.0 Invocations


You had 6 spell levels left.
You knew the following spells:

 Your Spells              Type           Power        Failure   Level  Hunger
a - Infusion              Chrm           ##..         3%          1    ##.....
b - Song of Slaying       Chrm           ##......     4%          2    ###....
c - Regeneration          Chrm/Necr      ##........   11%         3    ####...
d - Spectral Weapon       Hex/Chrm       ##......     16%         3    ####...
e - Shroud of Golubria    Chrm/Tloc      #.....       12%         2    ###....

Your spell library contained the following spells:

 Spells                   Type           Power        Failure   Level  Hunger
 Sublimation of Blood     Necr           ##........   5%          2    ###....
 Slow                     Hex            #.......     12%         2    ###....
 Magic Dart               Conj           #...         19%         1    ##.....
 Summon Small Mammal      Summ           #...         19%         1    ##.....
 Call Imp                 Summ           #.......     26%         2    ###....
 Poisonous Vapours        Pois/Air       #.....       26%         2    ###....
 Summon Guardian Golem    Hex/Summ       #.......     34%         3    ####...
 Call Canine Familiar     Summ           #.......     45%         3    ####...
 Conjure Flame            Conj/Fire      #.......     45%         3    ####...
 Ignite Poison            Fire/Tmut/Pois #.......     45%         3    ####...
 Mephitic Cloud           Conj/Pois/Air  #.......     45%         3    ####...
 Olgreb's Toxic Radiance  Pois           #.......     86%         4    #####..
 Petrify                  Tmut/Erth      #.......     86%         4    #####..
 Sticky Flame             Conj/Fire      #.......     86%         4    #####..
 Summon Ice Beast         Ice/Summ       #.......     86%         4    #####..
 Summon Lightning Spire   Summ/Air       #.......     86%         4    #####..
 Alistair's Intoxication  Tmut/Pois      #.......     99%         5    ######.
 Irradiate                Conj/Tmut      #.........   99%         5    ######.
 Conjure Ball Lightning   Conj/Air       #.........   100%        6    #######
 Orb of Destruction       Conj           #.........   100%        7    #######
 Ignition                 Fire           #.........   100%        8    #######


Dungeon Overview and Level Annotations

Branches:
Dungeon (12/15)            Temple (0/1) D:5            Lair (6/6) D:9
 Shoals (0/4) Lair:4        Snake (0/4) Lair:3        Slime (0/5) Lair:5
    Orc (2/2) D:9             Elf (0/3) Orc:2       Gauntlet (1/1)

Altars:
Cheibriados
Dithmenos
Fedhas
Hepliaklqana
Kikubaaqudgha
Makhleb
Sif Muna
Trog
Yredelemnul
Zin

Shops:
D:5 [   D:6 ?   D:8 [   D:10 %   D:11 *   Orc:2 !:%(

Annotations:
D:12 3 runed translucent doors, MTVSty1e's ghost, novice MiFi
Lair:3 exclusion: oklob plant
Lair:4 exclusion: 2 oklob plants Gauntlet 10 transporters, 21 runed translucent doors


Innate Abilities, Weirdness & Mutations

You have a beak for a mouth.
You have claws for feet.
You can fly continuously.


Message History

The dire elephant is splashed with acid.
The acid corrodes the dire elephant!
The dire elephant is heavily wounded.
The bolt of acid hits the elephant!
The elephant is splashed with acid.
You kill the elephant!
Yredelemnul accepts your kill. The dire elephant tramples you!
You are shoved backwards!
Evoke which item? (* to show all) (? for menu, Esc to quit)
Aiming: Corrosive Bolt
Press: ? - help, Shift-Dir - straight line, f - elephant, p - elephant
Aim: an elephant The bolt of acid hits the dire elephant!
The dire elephant is splashed with acid.
The dire elephant is severely wounded.
The bolt of acid hits the elephant!
The elephant is splashed with acid.
The acid corrodes the elephant!
The elephant is moderately wounded.
The dire elephant tramples you!!
You die...
Your body rises from the dead as a mindless zombie.

..8.#∩............≈8≈...........≈
#...#≈.............≈.............
#.8.#..###########...###########.
....#..#..$.©?"..#...#.......=/#.
#.8.####.#.....#Y#...#..######2#.
#.....©#Y##...##.#...#.##....###.
..8.####Y^#####^.#.###.#.####.###
...#..#....©...Y#.#©#2##.©.##.#©
≈8 #..#..##.##^@#.#.##.####.#.#.
# #..#.##...##.#.#.###....##.#.
#..#.#.....#.#.#.#h######..#.
#..#.........#.#.##h.......#.
###..#############.###########.
#8#......#©........#.........#.
###§.....#########.###########.
#####..........#.#[.....#..#.
#8#..........#.#.....#...#.


You could see a dire elephant, a hell beast, an elephant and 2 hell hounds.

Vanquished Creatures
  Rupert (Lair:3)
  Gastronok (Lair:1)
  A death ooze (Gauntlet)
  A fire dragon (Lair:6)
  Erolcha (D:10)
  A hydra (Lair:5)
  2 two-headed ogres (D:8)
  2 death yaks
  4 orc high priests (Orc:2)
  2 unseen horrors
  A swamp dragon (Lair:6)
  A lindwurm (Lair:6)
  Pikel (D:8)
  7 orc knights
  3 ugly things
  8 elephants
  A torpor snail (Lair:4)
  3 black mambas
  8 spiny frogs
  8 rime drakes
  2 komodo dragons
  3 trolls
  3 meliai (Gauntlet)
  A polar bear (Lair:5)
  8 blink frogs
  A snapping turtle (Lair:4)
  4 hippogriffs
  14 yaks
  2 basilisks (Lair:6)
  3 wyverns
  3 hungry ghosts
  3 vampire mosquitoes (D:9)
  A steam dragon (Lair:6)
  A warg (Orc:2)
  11 water moccasins
  8 porcupines
  4 sky beasts
  A slave (D:8)
  A black bear (D:6)
  3 ice beasts
  A phantom (D:7)
  27 orc warriors
  A necrophage (D:7)
  3 wolves (Lair:1)
  6 ogres
  4 centaurs
  10 crocodiles
  9 bullfrogs
  A wyvern skeleton (D:8)
  2 scorpions
  A water moccasin skeleton (D:7)
  A troll zombie (D:9)
  A killer bee (D:6)
  5 wights (D:10)
  A howler monkey (D:6)
  2 electric eels (Lair:4)
  9 crimson imps
  3 jellies
  A quasit (D:9)
  A bullfrog skeleton (D:5)
  8 hounds
  17 orc priests
  6 iguanas
  24 orc wizards
  11 worker ants
  4 hell rats (D:8)
  A killer bee zombie (D:5)
  4 ogre zombies (D:9)
  A worker ant zombie (D:7)
  14 adders
  10 gnolls
  2 river rats (D:8)
  2 shadow imps
  2 adder zombies
  An adder skeleton (D:9)
  4 worms
  3 dart slugs
  8 leopard geckos
  62 orcs
  A ball python (D:2)
  7 giant cockroaches
  11 goblins
  13 hobgoblins
  16 jackals
  10 kobolds
  11 quokkas
  5 bats
  5 frilled lizards
  2 goblin zombies (D:9)
  3 hobgoblin zombies (D:9)
  A jackal zombie (D:8)
  6 orc skeletons (D:9)
  5 orc zombies (D:9)
  19 rats
  A spectral orc (D:2)
  A withered plant (Gauntlet)
524 creatures vanquished.

Vanquished Creatures (collateral kills)
  2 hydras
  2 death yaks (Lair:5)
  2 orc knights (Orc:2)
  A cyclops (D:11)
  An elephant (Lair:6)
  4 spiny frogs
  A black mamba (Lair:4)
  3 rime drakes (Lair:6)
  4 komodo dragons
  9 blink frogs
  A hippogriff (Lair:4)
  A wyvern (Lair:3)
  3 basilisks
  17 yaks
  A steam dragon (Lair:6)
  A vampire mosquito (D:9)
  2 wargs (Orc:2)
  3 porcupines
  8 water moccasins
  A swamp drake (Lair:6)
  A black bear (D:9)
  8 orc warriors
  4 sky beasts
  3 ogres
  4 crocodiles
  A big kobold (D:10)
  3 bullfrogs
  3 killer bees (D:11)
  A scorpion (D:9)
  2 troll zombies (D:9)
  4 crimson imps
  6 orc priests (Orc:2)
  2 orc wizards (Orc:2)
  2 iguanas
  An ogre zombie (D:9)
  A river rat (D:8)
  An adder skeleton (D:9)
  19 orcs
  3 goblin zombies (D:9)
  An orc skeleton (D:9)
  5 orc zombies (D:9)
  2 rats (D:8)
  A bush (Lair:4)
  13 fungi
  12 plants
170 creatures vanquished.

Vanquished Creatures (others)
  A rime drake (Lair:6)
  2 spectral orcs (Orc:2)
  A hydra zombie (Lair:4)
  10 flying skulls
  A vampire (Lair:1)
  2 black mamba zombies (Lair:6)
  2 wraiths
  2 spiny frog zombies
  2 elephant zombies
  3 rime drake zombies
  2 vampire mosquito zombies (D:9)
  A bullfrog (Lair:4)
  A rime drake skeleton (Lair:5)
  5 water moccasin zombies
  A hippogriff skeleton (Lair:6)
  5 yak zombies
  A warg skeleton (Orc:2)
  2 yak skeletons (Lair:1)
  2 wights
  2 wolf zombies (Lair:1)
  A troll skeleton (D:10)
  2 bullfrog zombies
  A hound (D:8)
  2 ogre zombies
  2 bullfrog skeletons (Lair:4)
  A porcupine zombie (Lair:2)
  A killer bee zombie (D:11)
  A crocodile zombie (Lair:4)
  A big kobold zombie (D:10)
  A sky beast zombie (D:10)
  An ogre skeleton (D:7)
  2 worker ant zombies
  A scorpion zombie (D:9)
  10 orc skeletons
  An adder zombie (D:11)
  36 orc zombies
  2 gnoll zombies (D:9)
  3 kobold zombies (D:10)
  A quokka skeleton (D:9)
  2 quokka zombies (D:8)
  2 rat skeletons (D:8)
  3 rat zombies (D:8)
  4 fungi
  10 plants
  9 spectral weapons
  6 withered plants (Gauntlet)
154 creatures vanquished.

Grand Total: 848 creatures vanquished

Notes
Turn   | Place    | Note
-------+----------+-------------------------------------------
     0 | D:1      | Aviak the Tengu Skald began the quest for the Orb.
     0 | D:1      | Reached XP level 1. HP: 12/12 MP: 4/4
    96 | D:1      | Reached XP level 2. HP: 15/17 MP: 0/6
   109 | D:1      | Learned a level 2 spell: Song of Slaying
   358 | D:1      | Reached XP level 3. HP: 15/22 MP: 7/7
   809 | D:2      | Found a bloodstained altar of Trog.
   895 | D:2      | Reached skill level 3 in Polearms
   895 | D:2      | Reached XP level 4. HP: 18/27 MP: 1/8
   900 | D:2      | Learned a level 2 spell: Shroud of Golubria
   962 | D:2      | Found a basalt altar of Yredelemnul.
  1211 | D:2      | Became a worshipper of Yredelemnul the Dark
  1644 | D:3      | Gained mutation: You can fly continuously. [Tengu growth]
  1644 | D:3      | Reached XP level 5. HP: 32/32 MP: 6/9
  1811 | D:3      | Learned a level 3 spell: Regeneration
  2387 | D:3      | Noticed a centaur
  2399 | D:3      | Killed a centaur
  2399 | D:3      | Reached skill level 1 in Necromancy
  2399 | D:3      | Reached XP level 6. HP: 33/37 MP: 3/10
  2658 | D:4      | Reached skill level 4 in Polearms
  2742 | D:4      | Reached XP level 7. HP: 34/42 MP: 0/11
  3168 | D:5      | Entered Level 5 of the Dungeon
  3324 | D:5      | Found a burning altar of Makhleb.
  3324 | D:5      | Found a glowing silver altar of Zin.
  3325 | D:5      | Noticed an angel
  3325 | D:5      | Noticed an Executioner
  3355 | D:5      | Found Muddiciw's Antique Armour Shop.
  3382 | D:5      | Reached * piety under Yredelemnul
  3482 | D:5      | Bought a pair of runed gloves for 187 gold pieces
  3685 | D:5      | Reached XP level 8. HP: 24/48 MP: 0/12
  3839 | D:5      | Reached skill level 5 in Polearms
  3839 | D:5      | Reached skill level 5 in Dodging
  3947 | D:5      | Found a staircase to the Ecumenical Temple.
  4074 | D:5      | Reached ** piety under Yredelemnul
  4080 | D:5      | Learned a level 3 spell: Spectral Weapon
  4381 | D:6      | Found a blossoming altar of Fedhas.
  4493 | D:6      | Reached skill level 5 in Fighting
  4501 | D:6      | Reached skill level 1 in Hexes
  4541 | D:6      | Found an ancient bone altar of Kikubaaqudgha.
  4545 | D:6      | Found a shimmering blue altar of Sif Muna.
  4545 | D:6      | Found a shadowy altar of Dithmenos.
  4545 | D:6      | Found a hazy altar of Hepliaklqana.
  4572 | D:6      | Found Bearghoeso's Magic Scroll Boutique.
  5052 | D:7      | Reached skill level 6 in Polearms
  5066 | D:7      | Noticed a purple ugly thing
  5223 | D:7      | Reached XP level 9. HP: 51/54 MP: 10/13
  6050 | D:7      | Reached skill level 1 in Invocations
  6431 | D:7      | Identified the Compendium of Igneous Poisoning
  6449 | D:7      | Killed a purple ugly thing
  6449 | D:7      | Reached skill level 7 in Polearms
  6871 | D:8      | Reached skill level 5 in Armour
  7028 | D:8      | Noticed Pikel
  7063 | D:8      | Killed Pikel
  7063 | D:8      | Reached XP level 10. HP: 44/62 MP: 0/14
  7333 | D:8      | Noticed a two-headed ogre
  7347 | D:8      | Killed a two-headed ogre
  7347 | D:8      | Reached *** piety under Yredelemnul
  7347 | D:8      | Reached skill level 8 in Polearms
  7470 | D:8      | Noticed a two-headed ogre
  7495 | D:8      | Killed a two-headed ogre
  7850 | D:8      | Found Hoirel's Armour Shop.
  7853 | D:8      | Bought a +0 shield for 63 gold pieces
  8128 | D:8      | Received a gift from Yredelemnul (a wight)
  8263 | D:8      | Found a snail-covered altar of Cheibriados.
  8342 | D:5      | Bought an embroidered cloak for 187 gold pieces
  8430 | D:9      | Found a staircase to the Orcish Mines.
  8453 | D:9      | Reached skill level 1 in Shields
  8472 | D:9      | Received a gift from Yredelemnul (2 flying skulls)
  8498 | D:9      | Reached **** piety under Yredelemnul
  8677 | D:9      | Found a staircase to the Lair.
  8715 | D:9      | Reached XP level 11. HP: 31/67 MP: 11/15
  8734 | D:9      | Reached skill level 5 in Invocations
  8926 | D:9      | Received a gift from Yredelemnul (a wight)
  9281 | D:9      | Reached skill level 9 in Polearms
  9800 | D:10     | Entered Level 10 of the Dungeon
  9965 | D:10     | Found Fochupp's Food Boutique.
 10140 | D:10     | Killed an unseen horror
 10478 | D:10     | HP: 3/68 [troll (2)]
 10911 | D:10     | Identified the Incunabulum of Captivating Attacks
 10924 | D:10     | Noticed Erolcha
 10944 | D:10     | Killed Erolcha
 11103 | D:11     | Noticed a purple ugly thing
 11129 | D:10     | Your ally Erolcha died
 11131 | D:10     | Killed a purple ugly thing
 11131 | D:10     | Received a gift from Yredelemnul (a wraith)
 11183 | D:11     | Killed an unseen horror
 11197 | D:11     | Noticed a red ugly thing
 11696 | D:10     | Killed a red ugly thing
 12147 | D:11     | Received a gift from Yredelemnul (a vampire)
 12214 | D:11     | Found Bases's Assorted Antiques.
 12218 | D:11     | Bought a yellow potion for 26 gold pieces
 12218 | D:11     | Bought a scroll of teleportation for 87 gold pieces
 12256 | D:11     | Noticed a cyclops
 12265 | D:11     | Killed a cyclops
 12708 | Lair:1   | Entered Level 1 of the Lair of Beasts
 12824 | Lair:1   | Reached XP level 12. HP: 50/75 MP: 17/17
 12955 | Lair:1   | Reached ***** piety under Yredelemnul
 13044 | Lair:1   | Reached skill level 10 in Polearms
 13158 | Lair:1   | Reached skill level 5 in Shields
 13240 | Lair:1   | Noticed Gastronok
 13259 | Lair:1   | Killed Gastronok
 13259 | Lair:1   | Received a gift from Yredelemnul (4 flying skulls)
 14052 | Lair:2   | Received a gift from Yredelemnul (a wight)
 14840 | Lair:3   | Found a staircase to the Snake Pit.
 14971 | Lair:3   | Noticed a six-headed hydra
 14979 | Lair:3   | Killed a six-headed hydra
 15283 | Lair:3   | Reached skill level 10 in Fighting
 15562 | Lair:4   | Noticed Rupert
 15594 | Lair:3   | Killed Rupert
 15594 | Lair:3   | Reached skill level 11 in Polearms
 15594 | Lair:3   | Reached XP level 13. HP: 7/81 MP: 5/19
 16314 | Lair:4   | Received a gift from Yredelemnul (a wraith)
 16464 | Lair:4   | Found the +8 Wrath of Trog {antimagic, *Rage}
 16477 | Lair:4   | Found a staircase to the Shoals.
 17933 | Lair:5   | Found a staircase to the Slime Pits.
 17996 | Lair:5   | Reached skill level 10 in Dodging
 18423 | Lair:6   | Entered Level 6 of the Lair of Beasts
 19115 | Lair:5   | Reached skill level 12 in Polearms
 19833 | Lair:6   | Reached XP level 14. HP: 71/88 MP: 14/21
 19890 | Lair:6   | Received a gift from Yredelemnul (a skeletal warrior)
 20762 | Orc:1    | Entered Level 1 of the Orcish Mines
 21268 | Orc:2    | Entered Level 2 of the Orcish Mines
 21595 | Orc:2    | Received a gift from Yredelemnul (4 flying skulls)
 21903 | Orc:2    | Found a staircase to the Elven Halls.
 22752 | Orc:2    | Reached skill level 13 in Polearms
 22903 | Orc:2    | Found Uhail's Book Emporium.
 22903 | Orc:2    | Found Gaefoyr's Distillery.
 22904 | Orc:2    | Found Ymiuc's Antique Weapon Emporium.
 22904 | Orc:2    | Found Uwnyl's Food Shoppe.
 22912 | Orc:2    | Bought a runed trident for 195 gold pieces
 22916 | Orc:2    | Bought a potion of haste for 150 gold pieces
 22916 | Orc:2    | Bought a potion of heal wounds for 75 gold pieces
 22916 | Orc:2    | Bought a potion of curing for 45 gold pieces
 22916 | Orc:2    | Bought a potion of resistance for 150 gold pieces
 22916 | Orc:2    | Bought a potion of heal wounds for 75 gold pieces
 22916 | Orc:2    | Bought a potion of heal wounds for 75 gold pieces
 22916 | Orc:2    | Bought a potion of resistance for 150 gold pieces
 22916 | Orc:2    | Bought 2 potions of agility for 120 gold pieces
 23182 | D:12     | Received a gift from Yredelemnul (a skeletal warrior)
 23196 | D:12     | Found a runed translucent gate.
 23196 | D:12     | Found a runed translucent gate.
 23196 | D:12     | Found a runed translucent gate.
 23197 | D:12     | Noticed MTVSty1e's ghost (novice MiFi)
 23226 | D:12     | Found a gate leading to a gauntlet.
 23242 | Gauntlet | Entered a Gauntlet
 23242 | Gauntlet | Found a transporter.
 23242 | Gauntlet | Found a transporter.
 23251 | Gauntlet | Found a transporter.
 23262 | Gauntlet | Found a transporter.
 23278 | Gauntlet | Found a transporter.
 23290 | Gauntlet | Found a transporter.
 23293 | Gauntlet | Found a transporter.
 23305 | Gauntlet | Noticed a dire elephant
 23378 | Gauntlet | Found a transporter.
 23393 | Gauntlet | Found a transporter.
 23395 | Gauntlet | Found a large runed translucent door.
 23395 | Gauntlet | Found a large runed translucent door.
 23396 | Gauntlet | Found a large runed translucent door.
 23396 | Gauntlet | Found a large runed translucent door.
 23397 | Gauntlet | Found a large runed translucent door.
 23397 | Gauntlet | Found a runed translucent door.
 23397 | Gauntlet | Found a large runed translucent door.
 23397 | Gauntlet | Found a runed translucent door.
 23397 | Gauntlet | Found a large runed translucent door.
 23397 | Gauntlet | Found a large runed translucent door.
 23398 | Gauntlet | Found a large runed translucent door.
 23398 | Gauntlet | Found a large runed translucent door.
 23401 | Gauntlet | Found a large runed translucent door.
 23401 | Gauntlet | Found a large runed translucent door.
 23403 | Gauntlet | Found a large runed translucent door.
 23403 | Gauntlet | Found a large runed translucent door.
 23403 | Gauntlet | Found a large runed translucent door.
 23405 | Gauntlet | Found a runed translucent gate.
 23405 | Gauntlet | Found a runed translucent gate.
 23405 | Gauntlet | Found a runed translucent gate.
 23407 | Gauntlet | Found a transporter.
 23418 | Gauntlet | Found a large runed translucent door.
 23420 | Gauntlet | Found a transporter.
 23435 | Gauntlet | Noticed a dire elephant
 23436 | Gauntlet | Found a transporter.
 23520 | Gauntlet | Found a transporter.
 23520 | Gauntlet | Found a transporter.
 23540 | Gauntlet | Found a transporter.
 23575 | Gauntlet | Reached skill level 10 in Invocations
 23643 | Gauntlet | Got a brightly glowing glass ring
 23742 | Gauntlet | Identified the ring "Ucleeg" {*Slow +Fly rPois rN+ Int+3}
                  | (You found it in a Gauntlet)
 23816 | Gauntlet | Slain by a dire elephant

Levels and vault maps discovered:
D:1:      minmay_arrival_up_and_down, layout_rooms
D:2:      layout_loops_ring, yredelemnul_forgotten_temple_becter, first_ration,
          bloody_trog
D:3:      layout_basic
D:4:      layout_basic
D:5:      layout_loops_ring, grunt_temple_overflow_order_and_chaos_2,
          minmay_temple_entry_butterflies, serial_shops, nicolae_shop_trees,
          kennysheep_generic_room_8
D:6:      layout_basic, grunt_temple_overflow_open, basic_altar, serial_shops,
          shop_statue
D:7:      minmay_the_grid_square_5x5_3x3 [minmay_the_grid_square_5x5_shuriken,
          minmay_the_grid_square_5x5_percent,
          minmay_the_grid_square_5x5_three_walls,
          minmay_the_grid_square_5x5_broken_cross,
          minmay_the_grid_square_5x5_megaprize_checkered,
          minmay_the_grid_square_5x5_six, minmay_the_grid_square_5x5_n_small,
          minmay_the_grid_square_5x5_three,
          minmay_the_grid_square_5x5_intrusive_squares], layout_gridville,
          grunt_ogre_cave
D:8:      lemuel_ratsnest, layout_loops_ring, lemuel_coloured_pillars_altar,
          serial_shops, shop, uniq_pikel
D:9:      layout_layer_cave, due_lair_maze_entry_diamond, zombieorc2_lemuel
D:10:     layout_roguey, serial_shops, shop, uniq_erolcha
D:11:     layout_gridville, serial_shops, nicolae_shop_trees
D:12:     layout_roguey, gammafunk_ghost_nasty_kobolds, gauntlet_entry_generic,
          nicolae_benzene_ring, uniq_urug
Lair:1:   layout_loops_ring, serial_bayou_shore_b, uniq_gastronok
Lair:2:   layout_cave_pods
Lair:3:   minmay_lair_oklob_tunnel, layout_gridlike, dummy_snake_entry
Lair:4:   layout_gridlike, minmay_shoals_entry_hut, minmay_lair_oklob_chamber,
          infiniplex_staircase_pool, serial_bayou_shore_b, grunt_megastairs_2,
          uniq_rupert
Lair:5:   layout_small_grid, slime_dummy, minmay_lair_drake_nest
Lair:6:   guppyfry_lair_end_dragon, layout_cave_pods
Orc:1:    layout_caves
Orc:2:    st_orc_pillars, layout_caves
Gauntlet: gammafunk_gauntlet_branching [nicolae_gauntlet_arena_flowing_pool,
          gammafunk_gauntlet_arena_arrow_garden,
          minmay_gauntlet_arena_make_your_own_arena,
          gammafunk_gauntlet_arena_split_diamond,
          gammafunk_gauntlet_arena_spirals, nicolae_gauntlet_swirl,
          gammafunk_gauntlet_arena_hedges, gammafunk_gauntlet_arena_split_x,
          gauntlet_exit_green]

Skill      XL: |  1  2  3  4  5  6  7  8  9 10 11 12 13 14 |
---------------+-------------------------------------------+-----
Polearms       | 3 4 6 7 8 9 11 12 13 | 13.1
Dodging        | 3 4 5 7 9 10 11 | 11.7
Charms         | 3 4 |  4.3
Fighting       | 3 4 5 7 8 9 10 | 10.0
Necromancy     | 1 2 3 4 |  4.1
Hexes          | 1 2 |  2.0
Armour         | 2 5 7 8 |  8.0
Invocations    | 3 4 6 7 9 10 | 10.0
Shields        | 2 4 6 8 9 |  9.7
Spellcasting   | |  2.0

Action                   |  1- 3 |  4- 6 |  7- 9 | 10-12 | 13-15 || total
-------------------------+-------+-------+-------+-------+-------++-------
Melee: Spear             |   110 |    91 |       |   282 |  1218 ||  1701
       Kick              |    13 |    36 |   112 |   280 |   492 ||   933
       Peck              |     7 |    16 |    75 |   174 |   317 ||   589
       Trident           |       |    47 |   425 |   636 |    47 ||  1155
       Unarmed           |       |       |     7 |       |       ||     7
 Cast: Infusion          |    12 |     9 |    21 |    10 |     8 ||    60
       Regeneration      |       |     3 |    17 |    14 |    23 ||    57
       Shroud of Golubri |       |     1 |     3 |       |       ||     4
       Spectral Weapon   |       |       |     1 |     4 |    15 ||    20
       Song of Slaying   |       |       |       |     3 |     3 ||     6
Invok: Animate Remains   |       |       |     5 |       |       ||     5
       Recall Undead Sla |       |       |     1 |     2 |       ||     3
       Injury Mirror     |       |       |     1 |     1 |     1 ||     3
       Animate Dead      |       |       |       |    38 |    36 ||    74
       Drain Life        |       |       |       |     2 |    21 ||    23
       Enslave Soul      |       |       |       |     1 |     2 ||     3
 Abil: Fly               |       |     1 |       |       |       ||     1
       Evoke Berserk Rag |       |     1 |       |       |       ||     1
Evoke: Wand              |       |       |     3 |     5 |     9 ||    17
  Use: Scroll            |       |     2 |     1 |    16 |    10 ||    29
       Potion            |       |       |       |     1 |     5 ||     6
 Stab: Sleeping          |       |     3 |     3 |       |       ||     6
       Distracted        |       |     1 |     2 |    17 |    13 ||    33
       Paralysed         |       |       |       |       |     7 ||     7
  Eat: Chunk             |       |     4 |    19 |    21 |    26 ||    70
       Ration            |       |     1 |       |     7 |     8 ||    16
Armor: Leather armour    |    26 |    18 |    24 |       |       ||    68
       Ring mail         |       |       |    66 |   189 |    88 ||   343
       Steam dragon scal |       |       |       |       |    56 ||    56
Dodge: Dodged            |    56 |    78 |   251 |   342 |   470 ||  1197
Block: Shield            |       |       |       |   237 |   393 ||   630
